 Dungeon Crawl Stone Soup version 0.19-a0-957-gf4ea323 (webtiles) character file.

8776 George the Carver (level 11, -1/95 HPs)
             Began as a Minotaur Fighter on July 10, 2016.
             Was an Elder of Okawaru.
             Slain by tstbtto's ghost (10 damage)
             ... on level 1 of the Orcish Mines.
             The game lasted 00:20:48 (10352 turns).

George the Carver (Minotaur Fighter)               Turns: 10352, Time: 00:20:49

Health: -1/95      AC: 16    Str: 29    XL:     11   Next: 14%
Magic:  16/16      EV: 14    Int:  5    God:    Okawaru [****..]
Gold:   831        SH: 15    Dex: 10    Spells: 0 memorised, 10 levels left

rFire  + . .     SeeInvis .     Q - +3 long sword (drain)
rCold  . . .     Gourm    .     J - +0 chain mail {rPois}
rNeg   . . .     Faith    .     c - +1 shield
rPois  +         Spirit   .     (helmet restricted)
rElec  .         Dismiss  .     N - +0 cloak
rCorr  .         Reflect  .     (no gloves)
SustAt .         Harm     .     p - +0 pair of boots
MR     .....                    (no amulet)
Stlth  ..........               q - ring of protection from fire
                                i - +3 ring of evasion

@: mighty, heroism, not resistant to hostile enchantments, extremely unstealthy
A: retaliatory headbutt, horns 2, high mp 1
a: Heroism, Renounce Religion


You were on level 1 of the Orcish Mines.
You worshipped Okawaru.
Okawaru was greatly pleased with you.
You were not hungry.

You visited 3 branches of the dungeon, and saw 14 of its levels.

You collected 831 gold pieces.

Inventory:

Hand Weapons
 D - a +0 rapier
 Q - a +3 long sword of draining (weapon)
Armour
 c - a +1 shield (worn)
 p - a +0 pair of boots (worn)
 J - a +0 chain mail of poison resistance (worn)
 N - a +0 cloak (worn)
Jewellery
 i - a +3 ring of evasion (left hand)
 q - a ring of protection from fire (right hand)
 L - an uncursed ring of ice
 M - an uncursed ring of ice
Wands
 O - a wand of paralysis (1/24)
 R - a wand of disintegration (22/24)
 S - a wand of disintegration (7/24)
Scrolls
 l - 7 scrolls of identify
 r - 2 scrolls of remove curse
 t - 2 scrolls of fog
 z - 2 scrolls of fear
 C - 2 scrolls of magic mapping
 K - 2 scrolls of enchant weapon
 X - a scroll of amnesia {unknown}
Potions
 d - 4 potions of might
 j - 2 potions of agility
 k - a potion of heal wounds
 m - 4 potions of mutation
 o - 9 potions of curing
 v - 4 potions of flight
 E - a potion of magic
 P - a potion of cancellation
 T - a potion of resistance
Comestibles
 f - 9 bread rations
 g - 24 fruits
 F - 2 slices of pizza
 G - 8 meat rations
 Z - 7 beef jerkies


   Skills:
 + Level 8.8(13.8) Fighting
 + Level 13.4(18.4) Long Blades
 + Level 8.8(13.8) Armour
 + Level 8.5(13.5) Shields
 + Level 6.3 Invocations


You had 10 spell levels left.
You didn't know any spells.

Dungeon Overview and Level Annotations

Branches:
Dungeon (11/15)            Temple (1/1) D:5             Orc (2/2) D:9
   Lair: D:8-11         Elf: Orc:2

Altars:
Ashenzari
Cheibriados
Dithmenos
Elyvilon
Fedhas
Gozag
Hepliaklqana
Kikubaaqudgha
Makhleb
Nemelex Xobeh
Okawaru
Pakellas
Qazlal
Ru
Sif Muna
Trog
Uskayaw
Vehumet
Xom
Yredelemnul
Zin
The Shining One
Beogh

Shops:
D:9 (   D:10 }

Annotations:
Orc:1 tstbtto's ghost, journeyman MiFi
Orc:2 Saint Roka


Innate Abilities, Weirdness & Mutations

You reflexively headbutt those who attack you in melee.
You have a pair of horns on your head.
You have an increased reservoir of magic. (+10% MP)


Message History

The orc warrior barely misses you.
You riposte.
You hit the orc warrior but do no damage.
You drain the orc warrior! You headbutt the orc warrior!
The orc warrior is heavily wounded.
You barely miss tstbtto's ghost. Your headbutt misses tstbtto's ghost.
Tstbtto's ghost is lightly damaged.
You block tstbtto's ghost's attack.
You completely miss tstbtto's ghost. Your headbutt misses tstbtto's ghost.
Tstbtto's ghost is lightly damaged.
The orc warrior closely misses you. You furiously retaliate!
You headbutt the orc warrior!
You riposte.
You closely miss the orc warrior. You headbutt the orc warrior.
The orc warrior is almost dead.
Tstbtto's ghost barely misses you.
You barely miss tstbtto's ghost. Your headbutt misses tstbtto's ghost.
Tstbtto's ghost is lightly damaged.
Tstbtto's ghost hits you!!
* * * LOW HITPOINT WARNING * * *
Tstbtto's ghost freezes you!
You die...

*,,,,,*,,..............,,,,,,,*
**,,,,,*,#..o.........,..*,,,,*
***,,,,*,......#.#..#..#.,,,**
****,,,**,...o......#...#,*,**
**,**,,*****#...........#**,,,*
*,,,,,,,* *#.o.......#***,,**
**,**,,** ##o..#....#*#,,,*
******* #o))).....#.#*,**
##@#...#.....*** ##W##.......#*
#.{....#.....** ##.....#*....,*
###....#*.#.** ##....#,#**
##.....,* *##$#.#* *####


You could see an orc warrior, an orc wizard, tstbtto's ghost and 3 orcs.

Vanquished Creatures
  Fannar (D:10)
  A hill giant (D:11)
  Pikel (D:5)
  Maurice (D:10)
  A guardian serpent (D:10)
  A gargoyle (D:11)
  2 trolls (Orc:1)
  2 two-headed ogres
  Prince Ribbit (D:9)
  Sigmund (D:6)
  A hungry ghost (D:8)
  A hippogriff (D:10)
  2 wargs
  A mottled dragon (D:11)
  A water moccasin (D:3)
  12 orc warriors
  A slave (D:5)
  3 sky beasts
  5 centaurs
  4 ogres
  2 giant frogs
  2 scorpions (D:10)
  3 killer bees (D:10)
  A howler monkey (D:6)
  6 hounds
  3 jellies
  12 orc priests
  17 orc wizards
  An iguana (D:10)
  12 worker ants
  11 adders
  10 gnolls
  A howler monkey skeleton (D:8)
  An ooze (D:3)
  An adder skeleton (D:5)
  6 worms
  A dart slug (D:5)
  3 giant geckos
  64 orcs
  A ball python (D:2)
  7 bats
  7 giant cockroaches
  4 goblins
  6 hobgoblins
  9 jackals
  A kobold (D:3)
  4 quokkas
  5 giant newts
  A jackal skeleton (D:4)
  A quokka skeleton (D:5)
  6 rats
252 creatures vanquished.

Vanquished Creatures (others)
  A giant frog (D:5)
  An orc wizard (D:6)
  An adder (D:5)
  A worm (D:5)
  2 orcs (D:5)
  A giant cockroach (D:5)
7 creatures vanquished.

Grand Total: 259 creatures vanquished

Notes
Turn   | Place    | Note
-------+----------+-------------------------------------------
     0 | D:1      | George the Minotaur Fighter began the quest for the Orb.
     0 | D:1      | Reached XP level 1. HP: 19/19 MP: 0/0
    76 | D:1      | Reached skill level 3 in Long Blades
   173 | D:1      | Found a shimmering altar of Xom.
   226 | D:1      | Reached XP level 2. HP: 21/26 MP: 1/1
   318 | D:1      | Reached skill level 4 in Long Blades
   532 | D:2      | Reached XP level 3. HP: 25/31 MP: 2/2
   731 | D:2      | Reached skill level 5 in Long Blades
   821 | D:2      | Reached XP level 4. HP: 36/39 MP: 3/3
  1002 | D:2      | Reached skill level 6 in Long Blades
  1338 | D:2      | Reached XP level 5. HP: 42/45 MP: 4/4
  1345 | D:2      | Reached skill level 7 in Long Blades
  1474 | D:3      | Found a bloodstained altar of Trog.
  1567 | D:3      | Found a sparkling altar of Nemelex Xobeh.
  1688 | D:3      | Found a shattered altar of Ashenzari.
  1798 | D:3      | Noticed a water moccasin
  1811 | D:3      | Killed a water moccasin
  1811 | D:3      | Reached skill level 8 in Long Blades
  1811 | D:3      | Reached XP level 6. HP: 35/51 MP: 5/5
  1826 | D:3      | Found a deep blue altar of Sif Muna.
  2564 | D:4      | Reached skill level 9 in Long Blades
  2794 | D:4      | Reached XP level 7. HP: 57/57 MP: 6/6
  3031 | D:5      | Entered Level 5 of the Dungeon
  3274 | D:5      | Reached skill level 10 in Long Blades
  3402 | D:5      | Noticed Pikel
  3435 | D:5      | Killed Pikel
  3435 | D:5      | Reached skill level 11 in Long Blades
  3435 | D:5      | Reached XP level 8. HP: 48/64 MP: 7/7
  3452 | D:5      | Found a staircase to the Ecumenical Temple.
  3463 | Temple   | Entered the Ecumenical Temple
  3479 | Temple   | Became a worshipper of Warmaster Okawaru
  3611 | D:5      | Found a shimmering altar of Xom.
  3819 | D:5      | Found a glowing silver altar of Zin.
  4105 | D:5      | Found a basalt altar of Yredelemnul.
  4105 | D:5      | Found a snail-covered altar of Cheibriados.
  4639 | D:6      | Reached skill level 1 in Invocations
  5045 | D:6      | Noticed Sigmund
  5052 | D:6      | Killed Sigmund
  6104 | D:7      | Reached skill level 5 in Shields
  6257 | D:7      | Gained mutation: You have an increased reservoir of magic. (+10% MP) [potion of beneficial mutation]
  6288 | D:8      | Reached skill level 12 in Long Blades
  6288 | D:8      | Reached skill level 5 in Armour
  6290 | D:8      | Reached skill level 5 in Fighting
  6290 | D:8      | Reached XP level 9. HP: 67/74 MP: 9/11
  6298 | D:8      | Reached * piety under Okawaru
  6787 | D:8      | Found a sparkling altar of Nemelex Xobeh.
  6958 | D:9      | Reached ** piety under Okawaru
  6993 | D:9      | Found a roughly hewn altar of Beogh.
  6993 | D:9      | Found a staircase to the Orcish Mines.
  7575 | D:9      | Found Fiw Fimi's Weapon Emporium.
  7605 | D:9      | Noticed Prince Ribbit
  7613 | D:9      | Killed Prince Ribbit
  7833 | D:10     | Entered Level 10 of the Dungeon
  7843 | D:10     | Reached XP level 10. HP: 84/84 MP: 13/13
  7859 | D:10     | Noticed Maurice
  7871 | D:10     | Killed Maurice
  8155 | D:10     | Reached skill level 5 in Invocations
  8162 | D:10     | Noticed a guardian serpent
  8171 | D:10     | Killed a guardian serpent
  8171 | D:10     | Reached *** piety under Okawaru
  8342 | D:10     | Noticed Fannar
  8378 | D:10     | Killed Fannar
  8378 | D:10     | Reached skill level 13 in Long Blades
  8848 | D:10     | Found Ranuumapa's Gadget Boutique.
  9143 | D:11     | Reached **** piety under Okawaru
  9215 | D:11     | Noticed a gargoyle
  9265 | D:11     | Killed a gargoyle
  9502 | D:11     | Noticed a six-headed hydra
  9502 | D:11     | Noticed a gargoyle
  9502 | D:11     | Noticed a four-headed hydra
  9502 | D:11     | Noticed a deep troll earth mage
  9502 | D:11     | Noticed a hill giant
  9502 | D:11     | Noticed a fire dragon
  9502 | D:11     | Noticed a fire giant
  9519 | D:11     | Killed a hill giant
  9519 | D:11     | Received a gift from Okawaru
  9616 | Orc:1    | Entered Level 1 of the Orcish Mines
  9835 | Orc:1    | Reached XP level 11. HP: 88/95 MP: 16/16
  9967 | Orc:2    | Entered Level 2 of the Orcish Mines
  9970 | Orc:2    | Noticed Saint Roka
 10296 | Orc:1    | Noticed tstbtto's ghost (journeyman MiFi)
 10352 | Orc:1    | Slain by tstbtto's ghost

Vault maps used:
D:1:      moated_graveyard_arrival, xom_teletrap_fun
D:2:      first_bread, serial_bayou_pond_e, cheibrodos_gnoll_hut
D:3:      lemuel_round_altar, ashenzari_altar_1, led_sif_book, serial_glass,
          glass_columns_a, glass_columns_a, glass_columns_c, glass_columns_b,
          glass_columns_a, glass_columns_c, glass_columns_c, glass_columns_c,
          nemelex_dance_club_becter
D:5:      nicolae_overflow_crystal_walls, overflow_temple_1_default,
          gammafunk_temple_overflow_wave, uniq_pikel
D:6:      roderic_roman_lattice, minmay_misc_feat_diagonals, uniq_sigmund
D:7:      grunt_ogre_cave
D:8:      nemelex_xobeh_ov_fountains_minmay
D:9:      david_orc_5, serial_shops, nicolae_shop_crystal, serial_curves,
          eino_curves_04, eino_curves_04, uniq_prince_ribbit1
D:10:     serial_shops, kennysheep_mini_moat, nrook_guardian_serpent_double,
          uniq_fannar, uniq_maurice
D:11:     lair_0_dummy, wad_scary_box
Temple:   nicolae_temple_great_sept
Orc:1:    serial_shops, shop_statue
Orc:2:    kennysheep_orc_mage_school, uniq_saint_roka

Skill      XL: |  1  2  3  4  5  6  7  8  9 10 |
---------------+-------------------------------+-----
Long Blades    | 3 4 5 6 8 9 11 12 13 | 13.4
Invocations    | 2 4 6 |  6.3
Shields        | 5 6 8 |  8.5
Fighting       | 5 6 8 |  8.8
Armour         | 5 6 8 |  8.8

Action                   |  1- 3 |  4- 6 |  7- 9 | 10-12 || total
-------------------------+-------+-------+-------+-------++-------
Melee: Long sword        |    73 |   206 |   284 |   247 ||   810
       Headbutt          |    11 |    23 |    85 |    48 ||   167
       Scimitar          |       |       |   165 |       ||   165
       Rapier            |       |       |       |     3 ||     3
Throw: Throwing net      |       |       |       |     2 ||     2
Invok: Heroism           |       |       |       |     2 ||     2
Evoke: Wand              |       |       |       |     2 ||     2
  Use: Scroll            |       |       |    12 |    10 ||    22
       Potion            |       |       |     1 |     2 ||     3
  Eat: Chunk             |       |     6 |    18 |     8 ||    32
Armor: Scale mail        |    26 |    14 |       |       ||    40
       Plate armour      |       |    65 |   152 |    69 ||   286
       Chain mail        |       |       |       |    20 ||    20
Dodge: Dodged            |    27 |    49 |    73 |    68 ||   217
Block: Shield            |    27 |    95 |   157 |   132 ||   411
